 Dungeon Crawl Stone Soup version 0.28-a0-313-gbc0475efdd (webtiles) character file.

Game seed: 16015241368167416520

183 dolemite99 the Chopper (level 5, -2/45 HPs)
             Began as a Hill Orc Abyssal Knight on Sept 1, 2021.
             Was a Believer of Lugonu.
             Slain by a black bear (3 damage)
             ... on level 4 of the Dungeon.
             The game lasted 00:05:25 (4867 turns).

dolemite99 the Chopper (Hill Orc Abyssal Knight)    Turns: 4867, Time: 00:05:26

Health: -2/45      AC:  4    Str: 16    XL:     5   Next: 62%
Magic:  6/6        EV: 11    Int: 12    God:    Lugonu [**....]
Gold:   87         SH:  0    Dex: 10    Spells: 4/4 levels left

rFire   + . .      SeeInvis .   b - +1 longbow
rCold   . . .      Faith    .   (shield currently unavailable)
rNeg    . . .      Spirit   .   g - +0 leather armour
rPois   .          Reflect  .   (no helmet)
rElec   .          Harm     .   m - +0 cloak
rCorr   .          Rampage  .   (no gloves)
Will    .....                   (no boots)
Stlth   +.........              (no amulet)
HPRegen 0.15/turn               n - ring of protection from fire
MPRegen 0.10/turn               (no ring)

@: no status effects
A: no striking features
a: Renounce Religion, Depart the Abyss, Bend Space


You were on level 4 of the Dungeon.
You worshipped Lugonu.
Lugonu was pleased with you.
You visited 1 branch of the dungeon, and saw 4 of its levels.
You visited the Abyss 1 time.

You collected 107 gold pieces.
You spent 20 gold pieces at shops.

Inventory:

Hand Weapons
 a - a +1 hand axe
 b - a +1 longbow (weapon)
Missiles
 d - 34 bolts
 f - 16 sling bullets
 h - 65 arrows (quivered ammo)
 j - 101 stones
 o - 6 javelins
Armour
 g - a +0 leather armour (worn)
 m - a +0 cloak (worn)
Jewellery
 n - a ring of protection from fire (left hand)
Wands
 l - a wand of flame (4)
Scrolls
 k - a scroll of holy word
Potions
 c - a potion of attraction
 e - a potion of haste {unknown}
 i - 3 potions of heal wounds {unknown}


   Skills:
 - Level 3.6 Fighting
 + Level 6.1 Axes
 + Level 2.7 Bows
 - Level 2.1 Armour
 - Level 0.7 Dodging
 - Level 2.4 Invocations


You had 4 spell levels left.
You didn't know any spells.
Your spell library contained the following spells:

 Spells                   Type           Power      Damage    Failure   Level
 Petrify                  Tmut/Erth      0%         N/A       99%         4
 Metabolic Englaciation   Hex/Ice        0%         N/A       100%        5
 Statue Form              Tmut/Erth      0%         N/A       100%        6


Dungeon Overview and Level Annotations

Branches:
Dungeon (4/15)
 Temple: D:4-7

Altars:
Cheibriados
Dithmenos
Qazlal

Shops:
D:2 *

Annotations:
D:1 1 runed translucent door, exclusion: 2 downstairs
D:2 exclusion: downstairs, Sigmund


Message History

The black bear is heavily wounded.
The black bear barely misses you. The black bear closely misses you.
The black bear claws you but does no damage.
You completely miss the black bear.
The black bear is heavily wounded.
The black bear barely misses you. x2; The black bear misses you.
You slash the black bear!
The black bear is almost dead.
The black bear bites you. The black bear claws you.
The black bear claws you but does no damage.
You hit the black bear.
The black bear is almost dead.
The black bear goes berserk!
b - a +1 longbow (weapon)
The black bear bites you.
The black bear claws you but does no damage.
The black bear claws you.
Fire: 67 arrows
Press: ? - help, Q - select action, (/) - cycle Shift-Dir - straight line, f - black bear
Aim: a black bear (almost dead, berserk, 64% to hit)
You shoot an arrow. The arrow barely misses the black bear.
The arrow hits the kobold!
You kill the kobold!
Lugonu accepts your kill. The black bear bites you! The black bear claws you.
The black bear closely misses you. The black bear bites you.
* * * LOW HITPOINT WARNING * * *
The black bear claws you.
* * * LOW HITPOINT WARNING * * *
The black bear claws you.
* * * LOW HITPOINT WARNING * * *
Fire: 66 arrows
Press: ? - help, Q - select action, (/) - cycle Shift-Dir - straight line, f/p - black bear
Aim: a black bear (almost dead, berserk, 64% to hit)
You shoot an arrow. The arrow hits the black bear.
The black bear is almost dead.
The black bear closely misses you. The black bear claws you.
* * * LOW HITPOINT WARNING * * *
The black bear claws you.
You die...

##################.##
.........@h(.........
#######.#####..[.....
#.# #.....)..
#.#####........
###.#...#........
#...#...#........
#.###...#.(...... #.#
#...#........ #.#
#...#


You could see a black bear (berserk).

Vanquished Creatures
  A phantom (D:4)
  3 adders
  4 worms
  A dart slug (D:1)
  4 orcs (D:3)
  8 endoplasms
  A giant cockroach (D:4)
  2 goblins
  7 hobgoblins
  9 kobolds
  A quokka (D:1)
  5 ball pythons
  7 bats
  6 frilled lizards
  6 rats
65 creatures vanquished.

Vanquished Creatures (others)
  3 fungi (D:3)
  9 toadstools (D:3)
12 creatures vanquished.

Grand Total: 77 creatures vanquished

Notes
Turn   | Place    | Note
-------+----------+-------------------------------------------
     0 | Abyss:1  | dolemite99 the Hill Orc Abyssal Knight began the quest for
                  | the Orb.
     0 | Abyss:1  | Reached XP level 1. HP: 19/19 MP: 2/2
    67 | Abyss:1  | Noticed a smoke demon
    69 | D:1      | Escaped the Abyss
   291 | D:1      | Found a runed translucent door.
   475 | D:1      | Reached skill level 3 in Axes
   540 | D:1      | Reached * piety under Lugonu
   622 | D:1      | Reached XP level 2. HP: 26/26 MP: 3/3
   652 | D:1      | Found a faded altar of an unknown god.
   738 | D:1      | Reached skill level 4 in Axes
  1600 | D:2      | Reached XP level 3. HP: 25/31 MP: 4/4
  1666 | D:2      | Noticed Sigmund
  1768 | D:2      | Found Tukiecot's General Store.
  1774 | D:2      | Bought a scroll of identify for 20 gold pieces
  2288 | D:1      | Reached skill level 1 in Bows
  2550 | D:3      | Found a snail-covered altar of Cheibriados.
  2602 | D:3      | Reached ** piety under Lugonu
  2994 | D:3      | Reached skill level 5 in Axes
  2997 | D:3      | Reached XP level 4. HP: 24/39 MP: 5/5
  3939 | D:3      | Found a shadowy altar of Dithmenos.
  4531 | D:4      | Noticed a phantom
  4542 | D:4      | Killed a phantom
  4543 | D:4      | Reached skill level 6 in Axes
  4543 | D:4      | Reached XP level 5. HP: 29/45 MP: 6/6
  4771 | D:4      | Found a stormy altar of Qazlal.
  4849 | D:4      | Noticed a black bear
  4867 | D:4      | HP: 1/45 [black bear (3)]
  4867 | D:4      | Slain by a black bear

Illustrated notes

Levels and vault maps discovered:
D:1:      dpeg_arrival_caged_fury, layout_basic, shapermc_ecumenical_altar_venn
D:2:      layout_loops_ring, serial_shops, nicolae_shop_statue_plus,
          minmay_pentomino_z2, uniq_crazy_yiuf_cottage, uniq_sigmund
D:3:      cheibrodos_fertilizer, layout_basic, cheibriados_altar_1,
          mainiacjoe_overflow_chevrons
D:4:      layout_basic, mainiacjoe_overflow_surrounded_room, uniq_duvessa

Skill      XL: |  1  2  3  4 |
---------------+-------------+-----
Axes           | 3 4 5 6 |  6.1
Bows           | 1 2 |  2.7
Fighting       | |  3.6
Armour         | |  2.1
Dodging        | |  0.7
Invocations    | |  2.4

Action                   |  1- 3 |  4- 6 || total
-------------------------+-------+-------++-------
Melee: Hand axe          |    93 |    65 ||   158
 Fire: Longbow           |    35 |    31 ||    66
Invok: Depart the Abyss  |     1 |       ||     1
  Use: Scroll            |     2 |     2 ||     4
Armor: Leather armour    |    49 |    35 ||    84
Dodge: Dodged            |   106 |    65 ||   171

Table legend: (Time is in decaauts)
 A = Elapsed time spent in this place.
 B = Non-inter-level travel time spent in this place.
 C = Inter-level travel time spent in this place.
 D = Time resting spent in this place.
 E = Time spent auto-exploring this place.
 F = Levels seen in this place.
 G = Mean time per level.
                   A        B        C        D        E       F      G
               +--------+--------+--------+--------+--------+-----+--------+
         Total |   4897 |   4767 |    130 |   2267 |   1539 |   5 |  979.4 |
       Dungeon |   4828 |   4698 |    130 |   2267 |   1473 |   4 | 1207.0 |
         Abyss |     69 |     69 |      0 |      0 |     66 |   1 |   69.0 |
               +--------+--------+--------+--------+--------+-----+--------+

Top non-repeatable levels by time:
     D:1: 1588 daAuts
     D:3: 1541 daAuts
     D:2: 1267 daAuts
     D:4: 431 daAuts
 Abyss:1: 69 daAuts
